[Event "ICC tourney 1955 (60 10)"]
[Site "Internet Chess Club"]
[Date "2020.08.09"]
[Round "7"]
[White "Natey"]
[Black "kabirahmed"]
[Result "0-1"]
[ICCResult "White checkmated"]
[WhiteElo "1655"]
[BlackElo "1934"]
[Opening "Owen defense"]
[ECO "B00"]
[NIC "VO.01"]
[Time "12:03:14"]
[TimeControl "3600+10"]

1. e4 b6 2. d4 Bb7 3. Nc3 e6 4. Nf3 Bb4 5. Bd3 Nf6 6. e5 Ne4 7. Bxe4 Bxe4 8.
Bd2 Bxc3 9. Bxc3 O-O 10. O-O f6 11. Re1 Bb7 12. Bb4 Rf7 13. Bd2 fxe5 14.
Nxe5 Rf5 15. Qg4 Qf6 16. Qg3 Na6 17. Rad1 d6 18. Ng4 Qg6 19. h3 Kh8 20. Re2
Raf8 21. Rde1 Bd5 22. b3 b5 23. a4 b4 24. Qd3 Nb8 25. Bxb4 Nc6 26. Bd2 h5
27. Ne3 Bf3 28. g3 Bxe2 29. Rxe2 R5f6 30. Qc3 Qe4 31. d5 Nd4 32. Qc4 Nxe2+
33. Qxe2 exd5 34. Qxh5+ Qh7 35. Qe2 Qxh3 36. Ng4 Rf3 37. Ne3 Qh2+ 38. Kxh2
Rxf2+ 39. Qxf2 Rxf2+ 40. Kg1 Rxd2 41. c3 d4 42. cxd4 Rxd4 43. Nc4 Rd3 44.
Kf2 Rxb3 45. Ne3 Ra3 46. Nd5 c5 47. Nc7 Rxa4 48. Nb5 Ra2+ 49. Kf3 d5 50. Kf4
d4 51. Ke4 a6 52. Nc7 a5 53. Ne6 Rc2 54. g4 a4 55. Kf5 Rf2+ 56. Kg6 Rf6+ 57.
Kg5 Rxe6 58. Kf5 Re7 59. Kg6 d3 60. g5 d2 61. Kh5 d1=Q+ 62. Kg6 Qd3+ 63. Kh5
Qh3+ 64. Kg6 Qh7# {White checkmated} 0-1

[Event "ICC tourney 1955 (60 10)"]
[Site "Internet Chess Club"]
[Date "2020.08.09"]
[Round "7"]
[White "mikoyansuren"]
[Black "chessmate09520"]
[Result "0-1"]
[ICCResult "White resigns"]
[WhiteElo "1793"]
[BlackElo "2080"]
[Opening "Trompowsky attack (Ruth, Opocenský opening)"]
[ECO "A45"]
[NIC "QP.07"]
[Time "12:03:28"]
[TimeControl "3600+10"]

1. d4 Nf6 2. Bg5 Ne4 3. Bf4 c5 4. f3 Qa5+ 5. c3 Nf6 6. d5 d6 7. e4 g6 8. Bd3
Bg7 9. Ne2 b5 10. Nd2 O-O 11. O-O Nfd7 12. a4 c4 13. Bc2 Nc5 14. Be3 Nbd7
15. Nd4 Bxd4 16. Bxd4 Ne5 17. b4 cxb3 18. Nxb3 Nxb3 19. Bxb3 bxa4 20. Bxa4
Qc7 21. f4 Nc4 22. Bc6 Bb7 23. Bb5 a6 24. Ba4 Rab8 25. f5 a5 26. Qc1 Ne5 27.
Bb5 Bxd5 28. exd5 Rxb5 29. Bxe5 dxe5 30. fxg6 hxg6 31. Rf3 Rxd5 32. Qh6 Qb6+
33. Kh1 f5 34. Rg1 Qf6 35. g4 f4 36. h4 e4 37. g5 Qg7 38. Rff1 Qxh6 39. gxh6
Kh7 40. Rg5 Rxg5 41. hxg5 Rf5 42. Re1 e3 43. Kg2 Rxg5+ 44. Kf3 Rf5 45. Rh1
e6 46. Rh4 g5 47. Rh2 Rf6 48. Rg2 Kxh6 49. Rh2+ Kg6 50. Rg2 Kf5 51. Rg1 Rh6
52. Ke2 Rh2+ 53. Ke1 f3 {White resigns} 0-1

[Event "ICC tourney 1955 (60 10)"]
[Site "Internet Chess Club"]
[Date "2020.08.09"]
[Round "7"]
[White "pbalaji2008"]
[Black "hunqapillar"]
[Result "0-1"]
[ICCResult "White resigns"]
[WhiteElo "1678"]
[BlackElo "1862"]
[Opening "Caro-Kann: exchange variation"]
[ECO "B13"]
[NIC "CK.02"]
[Time "12:07:51"]
[TimeControl "3600+10"]

1. e4 c6 2. d4 d5 3. exd5 cxd5 4. c3 Nc6 5. Bd3 Nf6 6. Bg5 g6 7. Bxf6 exf6
8. Ne2 Bg7 9. Nd2 O-O 10. Nf3 Re8 11. O-O Qd6 12. Qd2 Bg4 13. Qf4 Qxf4 14.
Nxf4 Bxf3 15. gxf3 Rad8 16. Rfe1 Rxe1+ 17. Rxe1 Bh6 18. Ng2 Kf8 19. Kf1 Re8
20. Rxe8+ Kxe8 21. Ne3 Ne7 22. Bb5+ Kd8 23. Ba4 Kc7 24. Be8 Bxe3 25. fxe3
Nf5 26. Bxf7 Nxe3+ 27. Ke2 Ng2 28. Kf2 Nf4 29. Ke3 g5 30. Be8 Kd6 31. Ba4 h5
32. Bc2 Ke6 33. Bb1 f5 34. b3 Ng6 35. c4 f4+ 36. Kf2 Nh4 37. cxd5+ Kxd5 38.
Be4+ Kxd4 39. Bxb7 Nf5 40. Be4 Ne3 41. Bg6 h4 42. Bf7 Kc3 43. Be6 Kb4 44. a4
a5 45. Bf7 Nc2 46. Kg2 Nd4 47. Bd5 Nxb3 48. Kh3 Kxa4 49. Bc6+ Kb4 50. Kg4
Nd4 51. Bd5 a4 52. Kxg5 a3 53. Ba2 Nxf3+ 54. Kxf4 Nxh2 55. Kg5 Kc3 56. Kxh4
Kb2 57. Bc4 Nf3+ 58. Kg3 Nd2 59. Bd5 Nb3 60. Kf2 a2 61. Bxb3 Kxb3
{White resigns}
0-1

[Event "ICC tourney 1955 (60 10)"]
[Site "Internet Chess Club"]
[Date "2020.08.09"]
[Round "7"]
[White "kapilank"]
[Black "tigertiger2019"]
[Result "1/2-1/2"]
[ICCResult "Game drawn by repetition"]
[WhiteElo "1896"]
[BlackElo "1689"]
[Opening "Sicilian: Najdorf, Byrne (English) attack"]
[ECO "B90"]
[NIC "SI.14"]
[Time "12:03:34"]
[TimeControl "3600+10"]

1. e4 c5 2. Nf3 d6 3. d4 cxd4 4. Nxd4 Nf6 5. Nc3 a6 6. Be3 e5 7. Nb3 Be6 8.
Be2 h5 9. O-O Nbd7 10. h3 Rc8 11. Bd3 b5 12. a3 Nb6 13. f4 Nc4 14. Bxc4 Bxc4
15. Rf2 exf4 16. Bxf4 Be7 17. Rd2 Bxb3 18. cxb3 Qb6+ 19. Kh1 Rxc3 20. bxc3
Nxe4 21. Rc2 Nf2+ 22. Rxf2 Qxf2 23. Bxd6 Rh6 24. Bxe7 Kxe7 25. Qd3 Rd6 26.
Qe4+ Re6 27. Qd5 Re1+ 28. Rxe1+ Qxe1+ 29. Kh2 Qxc3 30. Qb7+ Kd8 31. Qd5+ Ke7
32. Qb7+ Kd8 33. Qd5+ Ke7 34. Qb7+ Kd8 {Game drawn by repetition} 1/2-1/2

[Event "ICC tourney 1955 (60 10)"]
[Site "Internet Chess Club"]
[Date "2020.08.09"]
[Round "7"]
[White "chessrex"]
[Black "FamilyFork"]
[Result "1-0"]
[ICCResult "Black resigns"]
[WhiteElo "1997"]
[BlackElo "1797"]
[Opening "Blackmar gambit"]
[ECO "D00"]
[NIC "QP.08"]
[Time "12:03:14"]
[TimeControl "3600+10"]

1. d4 d5 2. e4 dxe4 3. Nc3 Nf6 4. f3 exf3 5. Nxf3 Bg4 6. h3 Bf5 7. g4 Bg6 8.
Ne5 c6 9. h4 Nbd7 10. Nxg6 hxg6 11. Qf3 e6 12. g5 Nd5 13. Nxd5 cxd5 14. Bd3
Qb6 15. c3 Bd6 16. Bd2 O-O-O 17. O-O-O Rdf8 18. Qg4 Qa5 19. Kb1 Qb6 20. Ka1
f5 21. gxf6 Rxf6 22. Bxg6 Rhf8 23. Bd3 g6 24. Rhe1 Bc7 25. Bxg6 Rg8 26. h5
Nf8 27. Rf1 Rxf1 28. Rxf1 Nxg6 29. hxg6 Qa6 30. Re1 Kd7 31. Qf3 Re8 32. Bg5
Bd6 33. Qf7+ Be7 34. g7 {Black resigns} 1-0

[Event "ICC tourney 1955 (60 10)"]
[Site "Internet Chess Club"]
[Date "2020.08.09"]
[Round "7"]
[White "Kingforce"]
[Black "combusken1123"]
[Result "1-0"]
[ICCResult "Black checkmated"]
[WhiteElo "2005"]
[BlackElo "1699"]
[Opening "Sicilian: wing gambit, Carlsbad variation"]
[ECO "B20"]
[NIC "SI.48"]
[Time "12:02:47"]
[TimeControl "3600+10"]

1. e4 c5 2. b4 cxb4 3. a3 bxa3 4. d4 e6 5. Bd3 d5 6. e5 Bd7 7. Ne2 Nc6 8. c3
Rc8 9. O-O Na5 10. Nxa3 a6 11. Nc2 Qb6 12. Ne3 Nh6 13. f4 g6 14. Kh1 Nf5 15.
Ng4 Bg7 16. Qe1 Ke7 17. Bxf5 exf5 18. Ba3+ Ke6 19. Nf6 Nc4 20. Bc5 Qc6 21.
g4 Bxf6 22. gxf5+ gxf5 23. exf6 Nd6 24. Ng3+ Ne4 25. Nxe4 dxe4 26. c4 Kxf6
27. Qh4+ Kg7 28. Rg1+ Qg6 29. Rxg6+ hxg6 30. Qe7 Rh5 31. Qxd7 Rch8 32. Ra2
Rh3 33. Bd6 e3 34. Be5+ Kg8 35. Qe8+ Kh7 36. Qxh8# {Black checkmated} 1-0

[Event "ICC tourney 1955 (60 10)"]
[Site "Internet Chess Club"]
[Date "2020.08.09"]
[Round "7"]
[White "BirchRun"]
[Black "winner08"]
[Result "1-0"]
[ICCResult "Black checkmated"]
[WhiteElo "1895"]
[BlackElo "1758"]
[Opening "Queen's pawn: London system"]
[ECO "A45"]
[NIC "QP.07"]
[Time "12:02:49"]
[TimeControl "3600+10"]

1. d4 Nf6 2. Bf4 g6 3. e3 Bg7 4. Nf3 O-O 5. h3 d5 6. Bd3 c5 7. c3 Nc6 8. O-O
Qb6 9. Qb3 c4 10. Qxb6 axb6 11. Bc2 b5 12. Nbd2 b4 13. e4 dxe4 14. Nxe4 Nd5
15. Bd2 f5 16. Ng3 bxc3 17. bxc3 e5 18. Ne2 exd4 19. Nfxd4 Nxd4 20. cxd4 b5
21. Rfd1 Re8 22. Nf4 Nxf4 23. Bxf4 b4 24. Bd6 Bf8 25. Be5 Bd7 26. Rdb1 Ra3
27. Bd1 Rea8 28. Bf3 R8a7 29. Bd5+ Be6 30. Bxe6+ Rf7 31. Bxc4 Bg7 32. Bxf7+
Kxf7 33. Bxg7 Kxg7 34. Rxb4 g5 35. Rb2 h5 36. Rd1 g4 37. hxg4 fxg4 38. d5 h4
39. d6 h3 40. gxh3 gxh3 41. d7 Ra5 42. d8=Q Rh5 43. Qe7+ Kh6 44. Rb6#
{Black checkmated}
1-0

[Event "ICC tourney 1955 (60 10)"]
[Site "Internet Chess Club"]
[Date "2020.08.09"]
[Round "7"]
[White "peekaboopenguin"]
[Black "gitb98"]
[Result "0-1"]
[ICCResult "White checkmated"]
[WhiteElo "1693"]
[BlackElo "1951"]
[Opening "Sicilian defense"]
[ECO "B40"]
[NIC "SI.43"]
[Time "12:02:22"]
[TimeControl "3600+10"]

1. e4 c5 2. Nf3 e6 3. c3 Nc6 4. d4 cxd4 5. cxd4 d5 6. e5 Bb4+ 7. Bd2 Bxd2+
8. Qxd2 f5 9. Be2 Nge7 10. O-O O-O 11. Nc3 a6 12. Rac1 h6 13. Rfd1 Qe8 14.
Qf4 g5 15. Qg3 Qg6 16. Na4 b5 17. Nc5 Kh8 18. Ne1 Ra7 19. f4 Ng8 20. fxg5
hxg5 21. Nxa6 Nxd4 22. Rxd4 Bxa6 23. Qa3 Rff7 24. Qb3 g4 25. g3 Rh7 26. Ng2
Qh6 27. Nh4 Qxc1+ 28. Rd1 Qc5+ 29. Kh1 Bb7 30. Ng6+ Kg7 31. Nf4 Qf2 32.
Nxe6+ Kh8 33. Qc3 Rxh2# {White checkmated} 0-1

[Event "ICC tourney 1955 (60 10)"]
[Site "Internet Chess Club"]
[Date "2020.08.09"]
[Round "7"]
[White "Chessnutt2014"]
[Black "nboad"]
[Result "0-1"]
[ICCResult "White resigns"]
[WhiteElo "1933"]
[BlackElo "1797"]
[Opening "Modern defense"]
[ECO "A40"]
[NIC "QO.17"]
[Time "12:02:54"]
[TimeControl "3600+10"]

1. d4 g6 2. Nf3 Bg7 3. g3 c5 4. Bg2 cxd4 5. Nxd4 Nc6 6. c3 Qb6 7. Nb3 Nf6 8.
Be3 Qc7 9. O-O O-O 10. h3 d6 11. N1d2 Rb8 12. Nf3 b5 13. Nbd4 Na5 14. Nd2 e5
15. Nc2 d5 16. Nb4 Be6 17. Na6 Qc8 18. Nxb8 Bxh3 19. Bxa7 Bxg2 20. Kxg2 Qb7
21. Bc5 Rxb8 22. Nf3 Ne4 23. Bb4 Nc4 24. b3 Nb6 25. Qd3 Nd7 26. Rfd1 Nef6
27. Qe3 Ng4 28. Qg5 h5 29. a4 Qa7 30. e3 Bf6 31. axb5 Qb7 32. Bd6 Rc8
{White resigns}
0-1

[Event "ICC tourney 1955 (60 10)"]
[Site "Internet Chess Club"]
[Date "2020.08.09"]
[Round "7"]
[White "amp1997"]
[Black "knvsback"]
[Result "0-1"]
[ICCResult "White resigns"]
[WhiteElo "2071"]
[BlackElo "1875"]
[Opening "Petrov: classical attack"]
[ECO "C42"]
[NIC "RG.04"]
[Time "12:02:50"]
[TimeControl "3600+10"]

1. e4 e5 2. Nf3 Nf6 3. Nxe5 d6 4. Nf3 Nxe4 5. d4 d5 6. Bf4 Be7 7. Bd3 O-O 8.
Nbd2 Bf5 9. O-O Nxd2 10. Qxd2 Bxd3 11. Qxd3 Nc6 12. c3 Bd6 13. Bg5 f6 14.
Bh4 Qd7 15. b4 a6 16. a4 Ne7 17. Bg3 Nf5 18. Nd2 Rfe8 19. a5 c6 20. Nb3 Nxg3
21. hxg3 Qe6 22. Nc5 Bxc5 23. bxc5 Qe2 24. Qxe2 Rxe2 25. Rfb1 Rb8 26. Rb6
Rc2 27. Ra3 Kf7 28. Rab3 Rc1+ 29. Kh2 Re8 30. Rxb7+ Kg6 31. Rb2 h5 32. Rc7
Ree1 33. g4 h4 34. g3 Rh1+ 35. Kg2 h3+ 36. Kf3 Rxc3+ 37. Kf4 Re1 38. f3 Ree3
39. Rf2 h2 40. g5 h1=Q 41. Rxg7+ Kxg7 42. gxf6+ Kxf6 {White resigns} 0-1

[Event "ICC tourney 1955 (60 10)"]
[Site "Internet Chess Club"]
[Date "2020.08.09"]
[Round "7"]
[White "jHanna"]
[Black "pika0008"]
[Result "0-1"]
[ICCResult "White resigns"]
[WhiteElo "1813"]
[BlackElo "1626"]
[Opening "QGD Slav: Dutch variation, main line"]
[ECO "D19"]
[NIC "SL.05"]
[Time "12:03:01"]
[TimeControl "3600+10"]

1. d4 d5 2. c4 c6 3. Nf3 Nf6 4. Nc3 dxc4 5. a4 Bf5 6. e3 e6 7. Bxc4 Bb4 8.
O-O O-O 9. Qe2 Nbd7 10. e4 Bg6 11. Bd3 Re8 12. e5 Bxd3 13. Qxd3 Nd5 14. Nxd5
cxd5 15. Ng5 Nf8 16. Qf3 Qe7 17. Qg4 f5 18. exf6 Qxf6 19. Nh3 Qg6 20. Qe2
Rac8 21. Qb5 a5 22. Qxb7 Rc2 23. Qb5 Rec8 24. Nf4 Qe4 25. Qd3 Rxc1 26. Raxc1
Rxc1 27. Rxc1 Qxf4 28. Rc8 Qd2 29. Qxd2 Bxd2 30. Kf1 Kf7 31. Ke2 Bb4 32. Kf3
Kf6 33. Kg4 Nd7 34. h4 Nb6 35. Rc7 Nxa4 36. b3 Nc3 37. Kf3 Nb5 38. Rb7 Nxd4+
39. Ke3 Nxb3 40. g4 Nc5 41. Ra7 e5 42. f4 Ne6 43. f5 Bc5+ {White resigns}
0-1

[Event "ICC tourney 1955 (60 10)"]
[Site "Internet Chess Club"]
[Date "2020.08.09"]
[Round "7"]
[White "Knightoffaith"]
[Black "ningaling291"]
[Result "1/2-1/2"]
[ICCResult "Game drawn by mutual agreement"]
[WhiteElo "1868"]
[BlackElo "1742"]
[Opening "French: Tarrasch, closed variation, main line"]
[ECO "C06"]
[NIC "FR.17"]
[Time "12:03:32"]
[TimeControl "3600+10"]

1. e4 e6 2. d4 d5 3. Nd2 Nf6 4. e5 Nfd7 5. Bd3 c5 6. c3 Nc6 7. Ne2 cxd4 8.
cxd4 f6 9. exf6 Nxf6 10. Nf3 Bd6 11. O-O O-O 12. Bg5 Qc7 13. Rc1 h6 14. Bh4
Nh5 15. Bg3 Rxf3 16. gxf3 Nf4 17. Nxf4 Bxf4 18. Bb1 Qf7 19. Rc3 Qf6 20. Bxf4
Qxf4 21. Qc1 Nxd4 22. Rxc8+ Rxc8 23. Qxc8+ Kf7 24. Qd7+ Kf6 25. Qd8+ Kf7 26.
Qd7+ Kf8 27. Qd8+ Kf7 {Game drawn by mutual agreement} 1/2-1/2

[Event "ICC tourney 1955 (60 10)"]
[Site "Internet Chess Club"]
[Date "2020.08.09"]
[Round "7"]
[White "OneEverest"]
[Black "pawnpush202044"]
[Result "0-1"]
[ICCResult "White resigns"]
[WhiteElo "1996"]
[BlackElo "1888"]
[Opening "Sicilian: Najdorf, Opocensky variation"]
[ECO "B92"]
[NIC "SI.11"]
[Time "12:03:26"]
[TimeControl "3600+10"]

1. e4 c5 2. Nf3 d6 3. d4 cxd4 4. Nxd4 Nf6 5. Nc3 a6 6. Be2 e5 7. Nb3 Be7 8.
O-O O-O 9. Be3 Be6 10. Nd5 Bxd5 11. exd5 Nbd7 12. c4 Rc8 13. Qd3 e4 14. Qd4
Re8 15. a4 Bf8 16. a5 g6 17. Rac1 Bg7 18. Qd2 Ne5 19. h3 Qd7 20. Nd4 Qc7 21.
b4 Nfd7 22. Rfd1 b6 23. Nb3 Rcd8 24. axb6 Nxb6 25. Na5 Na4 26. Bd4 Nd3 27.
Bxg7 Nxc1 28. Qxc1 Kxg7 29. Qa1+ Kg8 30. Qxa4 e3 31. fxe3 Rxe3 32. Bf3 Qb6
33. Kh1 Rxf3 34. gxf3 Qf2 35. Qb3 Re8 {White resigns} 0-1

[Event "ICC tourney 1955 (60 10)"]
[Site "Internet Chess Club"]
[Date "2020.08.09"]
[Round "7"]
[White "jairam09"]
[Black "canary2016"]
[Result "0-1"]
[ICCResult "White resigns"]
[WhiteElo "1828"]
[BlackElo "2011"]
[Opening "Queen's pawn, Mason variation"]
[ECO "D00"]
[NIC "QP.08"]
[Time "12:03:33"]
[TimeControl "3600+10"]

1. d4 d5 2. Bf4 Nf6 3. e3 e6 4. Nd2 Bd6 5. Ngf3 Bxf4 6. exf4 Qd6 7. g3 O-O
8. Bd3 b6 9. O-O c5 10. c3 Nc6 11. Re1 Bb7 12. Nf1 Rac8 13. a3 Rfe8 14. Rc1
cxd4 15. cxd4 Rc7 16. Bb1 Rec8 17. Qd2 Na5 18. Rxc7 Rxc7 19. Ne5 Ba6 20. Ne3
Nb3 21. Qb4 Qxb4 22. axb4 Nxd4 23. Rd1 Ne2+ 24. Kg2 Nd7 25. Nf3 Rc1 26. Bd3
Rxd1 27. Bxa6 Nxf4+ 28. gxf4 Rb1 29. Bf1 Rxb2 30. b5 Nc5 31. Nd4 Ne4 32. Nd1
Rd2 33. Nc6 Rxd1 34. f3 Nd6 35. Nxa7 Rb1 36. Bd3 Rb3 37. Bf1 Rb2+ 38. Kg3
Nf5+ 39. Kh3 Rf2 40. Bg2 Ne3 41. Bh1 Rf1 42. Bg2 Rg1 {White resigns} 0-1

[Event "ICC tourney 1955 (60 10)"]
[Site "Internet Chess Club"]
[Date "2020.08.09"]
[Round "7"]
[White "GoatsRock"]
[Black "ImmorTalChamp"]
[Result "0-1"]
[ICCResult "White resigns"]
[WhiteElo "1541"]
[BlackElo "1818"]
[Opening "Queen's pawn game"]
[ECO "A45"]
[NIC "QP.07"]
[Time "12:02:38"]
[TimeControl "3600+10"]

1. d4 Nf6 2. e3 e6 3. Bd3 d5 4. Nd2 b6 5. f4 Bb7 6. Ngf3 Nbd7 7. c3 Be7 8.
O-O c5 9. Ne5 Nxe5 10. fxe5 Ne4 11. Qf3 f5 12. Bb5+ Kf7 13. g4 Ng5 14. Qg2
g6 15. Bd3 h5 16. e4 dxe4 17. Nxe4 Bxe4 18. Bxe4 Nxe4 19. Qxe4 hxg4 20. Qxg4
Rh4 21. Qg2 Rg4 22. Qxg4 cxd4 23. Qxd4 Bc5 24. Rd1 Bxd4+ 25. Rxd4 Qc7 26.
Bf4 Rd8 27. Rad1 Rxd4 28. Rxd4 Qe7 29. Bg3 g5 30. h4 Kg6 31. Kf2 Qc5 32.
hxg5 Kxg5 33. Bf4+ Kg6 34. Kg3 Qb5 35. Rd6 Kf7 36. b3 Qa5 37. b4 Qxa2 38.
Bg5 Qc4 39. Rd7+ Kg6 40. Bf6 Qxc3+ 41. Kf4 Qxb4+ 42. Kg3 Qb3+ 43. Kh2 f4 44.
Rg7+ Kf5 45. Rg5+ Ke4 46. Rg2 a5 47. Re2+ Kf3 48. Rd2 Qe3 49. Rg2 a4 50. Ra2
a3 51. Be7 Qe2+ 52. Rxe2 Kxe2 53. Bxa3 f3 {White resigns} 0-1

[Event "ICC tourney 1955 (60 10)"]
[Site "Internet Chess Club"]
[Date "2020.08.09"]
[Round "7"]
[White "GenerousSW"]
[Black "imranchamp"]
[Result "1-0"]
[ICCResult "Black checkmated"]
[WhiteElo "2003"]
[BlackElo "1659"]
[Opening "Sicilian: Nimzovich-Rossolimo attack (with ...g6, without ...d6)"]
[ECO "B31"]
[NIC "SI.31"]
[Time "12:03:25"]
[TimeControl "3600+10"]

1. e4 c5 2. Nf3 Nc6 3. Bb5 g6 4. O-O Bg7 5. Re1 Nh6 6. c3 O-O 7. d4 cxd4 8.
cxd4 f5 9. e5 Nf7 10. Nc3 a6 11. Bc4 h6 12. Bxf7+ Rxf7 13. h4 e6 14. Bf4 Ne7
15. Qd2 Kh7 16. Rad1 Rf8 17. d5 Qa5 18. b3 b5 19. dxe6 dxe6 20. Qe3 Bb7 21.
Rd7 Nd5 22. Nxd5 Bxd5 23. Bxh6 f4 24. Bxf4 Rxf4 25. Qxf4 Bxf3 26. b4 Bc6 27.
Rxg7+ Kxg7 28. bxa5 Rf8 29. Qg5 Rxf2 30. Kxf2 Bxg2 31. Kxg2 b4 32. Rf1 b3
33. axb3 Kh7 34. Rf7+ Kh8 35. Qh6+ Kg8 36. Qh7# {Black checkmated} 1-0

[Event "ICC tourney 1955 (60 10)"]
[Site "Internet Chess Club"]
[Date "2020.08.09"]
[Round "7"]
[White "sanjayselvam"]
[Black "VishyNo1"]
[Result "1/2-1/2"]
[ICCResult "Game drawn by mutual agreement"]
[WhiteElo "1933"]
[BlackElo "2059"]
[Opening "Queen's pawn: London system"]
[ECO "A45"]
[NIC "QP.07"]
[Time "12:03:31"]
[TimeControl "3600+10"]

1. d4 Nf6 2. Bf4 d6 3. e3 g6 4. Nf3 Bg7 5. h3 Nbd7 6. c3 O-O 7. Be2 Qe8 8.
Nbd2 e5 9. dxe5 dxe5 10. Bh2 Qe7 11. Nc4 Rd8 12. Qc2 Ne8 13. Rd1 Nd6 14. Qd2
Nxc4 15. Bxc4 Re8 16. O-O Nb6 17. Bb3 Bf5 18. Qe2 Rad8 19. e4 Be6 20. Rxd8
Rxd8 21. Rd1 Rxd1+ 22. Qxd1 Nd7 23. Bg3 Bf6 24. Qe2 Bxb3 25. axb3 c6 26. Nd2
Qe6 27. Qc4 Qxc4 28. Nxc4 Nc5 29. Bxe5 Bxe5 30. Nxe5 Nxe4 31. Nc4 f6 32. f3
Nc5 33. b4 Ne6 34. Nd6 Nd8 35. Kf2 Kf8 36. Ke3 Ke7 37. Nc4 Ke6 38. Ke4 b6
39. g4 Nf7 40. f4 Nh6 41. Ne3 f5+ 42. Kd4 fxg4 43. hxg4 Nf7 44. f5+ gxf5 45.
Nxf5 Kf6 {Game drawn by mutual agreement} 1/2-1/2

[Event "ICC tourney 1955 (60 10)"]
[Site "Internet Chess Club"]
[Date "2020.08.09"]
[Round "7"]
[White "Ronaldh"]
[Black "adchess"]
[Result "0-1"]
[ICCResult "White resigns"]
[WhiteElo "2057"]
[BlackElo "1798"]
[Opening "Giuoco Pianissimo: Italian four knights variation"]
[ECO "C55"]
[NIC "IG.01"]
[Time "12:02:35"]
[TimeControl "3600+10"]

1. e4 e5 2. Nf3 Nc6 3. Bc4 Nf6 4. d3 Bc5 5. Nc3 d6 6. h3 O-O 7. Bg5 h6 8.
Bh4 g5 9. Bg3 Na5 10. Nd2 c6 11. O-O Nxc4 12. dxc4 Be6 13. Qe2 a6 14. Rfd1
Qc7 15. a3 b5 16. a4 bxc4 17. Nxc4 Rab8 18. Rab1 Rb4 19. Nd2 Rfb8 20. b3 a5
21. Na2 R4b7 22. Nc1 Bd4 23. Qf3 Kg7 24. Ne2 Bc5 25. Bh2 g4 26. hxg4 Nxg4
27. Bg3 Qe7 28. Nf1 Qg5 29. Nh2 Nxh2 30. Bxh2 Bg4 31. Qd3 f5 32. exf5 Bxf5
33. Qc3 Bg4 34. Qd3 Rf7 35. Rf1 Rbf8 36. Nc3 Rxf2 37. Kh1 Be2 38. Rxf2 Bxd3
39. Rxf8 Kxf8 {White resigns} 0-1

[Event "ICC tourney 1955 (60 10)"]
[Site "Internet Chess Club"]
[Date "2020.08.09"]
[Round "7"]
[White "TDogg"]
[Black "FL2009"]
[Result "0-1"]
[ICCResult "White resigns"]
[WhiteElo "1998"]
[BlackElo "1821"]
[Opening "Giuoco Piano"]
[ECO "C54"]
[NIC "IG.02"]
[Time "12:02:54"]
[TimeControl "3600+10"]

1. e4 e5 2. Nf3 Nc6 3. Bc4 Bc5 4. c3 Nf6 5. d3 d6 6. h3 h6 7. O-O O-O 8. Bb3
a6 9. Re1 Ba7 10. Nbd2 Ne7 11. Nf1 Ng6 12. Ng3 Be6 13. Bc2 c6 14. Bd2 Qd7
15. Qe2 Rad8 16. Rad1 Qc8 17. Qf1 Rfe8 18. Kh1 b5 19. Ng1 a5 20. a3 a4 21.
N1e2 Bb8 22. f4 exf4 23. Nxf4 d5 24. Qf2 Qc7 25. e5 Nxe5 26. Nxe6 Rxe6 27.
Bf4 Nxd3 28. Bxc7 Nxf2+ 29. Kg1 Nxd1 30. Rxe6 Bxc7 31. Rxc6 Bxg3 32. Bxd1
Re8 {White resigns} 0-1

[Event "ICC tourney 1955 (60 10)"]
[Site "Internet Chess Club"]
[Date "2020.08.09"]
[Round "7"]
[White "Aarush37"]
[Black "skywise"]
[Result "1/2-1/2"]
[ICCResult "Game drawn by mutual agreement"]
[WhiteElo "1827"]
[BlackElo "1728"]
[Opening "Scotch: Blumenfeld attack"]
[ECO "C45"]
[NIC "SO.05"]
[Time "12:02:56"]
[TimeControl "3600+10"]

1. e4 e5 2. Nf3 Nc6 3. d4 exd4 4. Nxd4 Bc5 5. Be3 Qf6 6. Nb5 Bxe3 7. fxe3
Qh4+ 8. g3 Qxe4 9. Nxc7+ Kf8 10. Qd6+ Nge7 11. Nxa8 Qxh1 12. Nc3 Qf3 13. Qf4
Qxf4 14. exf4 Nf5 15. Nd5 Nce7 16. Nac7 b6 17. Nxe7 Kxe7 18. Kf2 Bb7 19. Nb5
a6 20. Re1+ Kf6 21. Nc3 Rc8 22. Bd3 Nd6 23. g4 h6 24. h4 g5 25. fxg5+ hxg5
26. h5 Nc4 27. b3 Ne5 28. Na4 Nxg4+ 29. Kg3 Ne5 30. Nxb6 Rh8 31. Be4 Bxe4
32. Rxe4 Rxh5 33. Ra4 Rh6 34. Nd5+ Kf5 35. Ne3+ Ke6 36. Rxa6+ d6 37. Rb6 f5
38. Rxd6+ Kxd6 39. Nxf5+ Kc5 40. Nxh6 Kb4 41. Nf5 Ka3 42. Nd4 Kxa2 43. Nf3
Nc6 44. Nxg5 Kb2 45. Ne4 Kxc2 46. Nc3 Kxc3 47. b4
{Game drawn by mutual agreement}
1/2-1/2

[Event "ICC tourney 1955 (60 10)"]
[Site "Internet Chess Club"]
[Date "2020.08.09"]
[Round "7"]
[White "annameiyappan"]
[Black "vikram251107"]
[Result "0-1"]
[ICCResult "White resigns"]
[WhiteElo "2008"]
[BlackElo "1966"]
[Opening "Caro-Kann: anti-anti-Caro-Kann defense"]
[ECO "B10"]
[NIC "CK.01"]
[Time "12:03:33"]
[TimeControl "3600+10"]

1. e4 c6 2. c4 d5 3. exd5 cxd5 4. cxd5 Nf6 5. Nc3 Nxd5 6. Nf3 e6 7. d4 Bb4
8. Bd2 O-O 9. Bc4 Nc6 10. Bxd5 exd5 11. O-O Bg4 12. Be3 Bxc3 13. bxc3 Qf6
14. Rb1 Bxf3 15. gxf3 b6 16. Kh1 Na5 17. Rg1 g6 18. Bh6 Rfc8 19. Bg5 Qf5 20.
Rc1 Nc4 21. Rg3 f6 22. Bh6 Re8 23. Qf1 Re6 24. h4 Rae8 25. Qh3 Qxh3+ 26.
Rxh3 Re1+ 27. Rxe1 Rxe1+ 28. Kg2 Ra1 29. f4 Nd6 30. h5 Rxa2 31. hxg6 hxg6
32. f5 Nxf5 33. Bf4 a5 34. Bc7 b5 35. Bd8 Kg7 36. Kf3 a4 37. Rh1 Rc2 38. Ba5
a3 39. Ra1 a2 40. Bb4 Kf7 41. Re1 Rb2 42. Ra1 Nxd4+ 43. cxd4 Rxb4 44. Rxa2
Rxd4 45. Ra6 Rb4 46. Rd6 d4 47. Ke4 Ke7 48. Rb6 Rb2 49. Kxd4 Rxf2 50. Rxb5
Re2 51. Rb7+ Ke6 52. Rb8 Kf5 53. Rg8 g5 54. Kd3 Re5 55. Kd4 g4 56. Kd3 Kf4
57. Rg6 f5 58. Kd4 Re8 59. Kd3 Kf3 60. Rg5 f4 61. Kd2 g3 {White resigns} 0-1

[Event "ICC tourney 1955 (60 10)"]
[Site "Internet Chess Club"]
[Date "2020.08.09"]
[Round "7"]
[White "Heliosis"]
[Black "minitotoro"]
[Result "1-0"]
[ICCResult "Black resigns"]
[WhiteElo "1869"]
[BlackElo "1589"]
[Opening "Caro-Kann: advance variation"]
[ECO "B12"]
[NIC "CK.04"]
[Time "12:02:52"]
[TimeControl "3600+10"]

1. e4 c6 2. d4 d5 3. e5 Bf5 4. h4 h6 5. g4 Bg6 6. h5 Be4 7. f3 Bh7 8. e6
fxe6 9. Bd3 Bxd3 10. Qxd3 Nf6 11. f4 Na6 12. Qg6+ Kd7 13. Nf3 Qa5+ 14. Bd2
Qb6 15. Nc3 Kc7 16. O-O-O Rc8 17. f5 Kb8 18. Bf4+ Ka8 19. fxe6 c5 20. Rhe1
Nb4 21. a3 Nc6 22. Be5 cxd4 23. Bxd4 Nxd4 24. Nxd4 Qd6 25. Kb1 Qf4 26. Nf5
Rd8 27. Rd4 Qf3 28. Re3 Qf1+ 29. Ka2 Qa6 30. Red3 Qc6 31. Kb1 a6 32. Ne3 Rd6
33. Ncxd5 Ka7 34. Nb4 {Black resigns} 1-0

[Event "ICC tourney 1955 (60 10)"]
[Site "Internet Chess Club"]
[Date "2020.08.09"]
[Round "7"]
[White "Gfprasanna"]
[Black "checkninja"]
[Result "1/2-1/2"]
[ICCResult "Game drawn by mutual agreement"]
[WhiteElo "2111"]
[BlackElo "1991"]
[Opening "Sicilian: Alapin's variation (2.c3)"]
[ECO "B22"]
[NIC "SI.47"]
[Time "12:02:20"]
[TimeControl "3600+10"]

1. e4 c5 2. c3 Nf6 3. e5 Nd5 4. d4 cxd4 5. cxd4 d6 6. Nf3 Nc6 7. exd6 Qxd6
8. Be2 Bg4 9. O-O e6 10. Nc3 Be7 11. h3 Bh5 12. a3 O-O 13. Re1 Nf6 14. Be3
h6 15. Qd2 Bg6 16. Bf4 Qd8 17. Rad1 Nd5 18. Bg3 Rc8 19. Nxd5 Qxd5 20. Ne5
Nxe5 21. dxe5 Qb3 {Game drawn by mutual agreement} 1/2-1/2